 Dungeon Crawl Stone Soup version 0.30-a0-652-gcc886f7154 (webtiles) character file.

Game seed: 12684299894411811712

11629 Dirtsage the Transmogrifier (level 11, -2/75 HPs)
             Began as an Octopode Transmuter on Jan 17, 2023.
             Was a High Priest of the Shining One.
             Slain by a yak (9 damage)
             ... on level 1 of the Lair of Beasts.
             The game lasted 00:36:04 (10674 turns).

Dirtsage the Transmogrifier (Octopode Transmuter)  Turns: 10674, Time: 00:36:05

Health: -2/75      AC:  9    Str: 10    XL:     11   Next: 80%
Magic:  15/17      EV: 15    Int: 21    God:    the Shining One [*****.]
Gold:   974        SH:  0    Dex: 19    Spells: 6/19 levels left

rFire   x . .      SeeInvis .      - Unarmed
rCold   + + +      Faith    .    (shield currently unavailable)
rNeg    + + +      Spirit   .    (helmet currently unavailable)
rPois   +          Reflect  .    p - amulet of magic regeneration
rElec   .          Harm     .    W - ring of wizardry
rCorr   .          Rampage  .    w - +5 ring of evasion
Will    .....                    i - ring "Jejiqaru" {rPois rN++ Int+2 Dex+6 Stlth+}
Stlth   +                        (no ring)
HPRegen 0.32/turn                (no ring)
MPRegen 0.55/turn                (no ring)
                                 (no ring)
                                 (no ring)

@: ice-form, wereblooded, glowing
A: freezing attack, boosted hp, almost no armour, amphibious, 8 rings, large,
(camouflage 1), (gelatinous body 1), (nimble swimmer 1), (tentacles)
a: End Transformation, Renounce Religion, Divine Shield, Cleansing Flame, Summon
Divine Warrior


You were on level 1 of the Lair of Beasts.
You worshipped the Shining One.
The Shining One was extremely pleased with you.
You were a creature of crystalline ice.
You visited 2 branches of the dungeon, and saw 12 of its levels.
You also visited: Ossuary.

You collected 1061 gold pieces.
You spent 87 gold pieces at shops.

Inventory:

Missiles
 c - 4 datura-tipped darts
 j - 2 throwing nets
 v - 2 curare-tipped darts
Armour
 E - a +1 hat
Magical Staves
 F - a staff of fire
Jewellery
 i - the ring "Jejiqaru" (on tentacle) {rPois rN++ Int+2 Dex+6 Stlth+}
   (You acquired it on level 1 of the Lair of Beasts)

   [ring of dexterity]

   Int:       It affects your intelligence (+2).
   Dex:       It affects your dexterity (+6).
   rPois:     It protects you from poison.
   rN:        It greatly protects you from negative energy.
   Stlth:     It makes you more stealthy.
 p - an amulet of magic regeneration (around neck)
 w - a +5 ring of evasion (right front paw)
 W - a ring of wizardry (left front paw)
Wands
 d - a wand of polymorph (16)
 s - a wand of charming (10)
 x - a wand of iceblast (8)
Scrolls
 e - 2 scrolls of immolation
 g - a scroll of fear
 k - 2 scrolls of magic mapping
 m - a scroll of butterflies
 o - 4 scrolls of fog
 r - 3 scrolls of brand weapon
 t - 4 scrolls of teleportation
 u - a scroll of amnesia
 y - 3 scrolls of blinking {unknown}
 z - 2 scrolls of enchant weapon
 C - 3 scrolls of enchant armour
 H - a scroll of noise
 J - a scroll of poison
Potions
 a - 3 potions of lignification
 b - 3 potions of heal wounds {unknown}
 f - 4 potions of brilliance {unknown}
 h - 2 potions of haste
 l - a potion of attraction {unknown}
 n - 2 potions of might {unknown}
 q - 5 potions of curing
 A - 3 potions of flight {unknown}
 B - a potion of resistance {unknown}
 D - 4 potions of invisibility {unknown}
 G - 2 potions of magic {unknown}


   Skills:
 - Level 1.0 Fighting
 - Level 2.0 Dodging
 - Level 6.7 Unarmed Combat
 + Level 4.6 Spellcasting
 * Level 9.6 Transmutations
 - Level 7.0 Ice Magic
 * Level 9.1 Air Magic
 - Level 4.0 Poison Magic
 - Level 7.9 Invocations


You had 6 spell levels left.
You knew the following spells:

 Your Spells              Type           Power      Damage    Failure   Level
a - Ice Form              Ice/Tmut       39%        N/A       1%          4
b - Wereblood             Tmut           45%        N/A       1%          2
c - Frozen Ramparts       Ice            68%        1d11      1%          3
d - Beastly Appendage     Tmut           90%        N/A       1%          1
x - Mephitic Cloud        Conj/Pois/Air  23%        N/A       2%          3

Your spell library contained the following spells:

 Spells                   Type           Power      Damage    Failure   Level
 Freeze                   Ice            100%       1d10      1%          1
 Sting                    Tmut/Pois      100%       1d8       1%          1
 Passwall                 Tmut/Erth      20%        N/A       1%          2
 Poisonous Vapours        Pois/Air       64%        N/A       1%          2
 Spider Form              Tmut/Pois      33%        N/A       1%          3
 Blade Hands              Tmut           22%        N/A       2%          5
 Hailstorm                Conj/Ice       19%        3d6       3%          3
 Apportation              Tloc           8%         N/A       4%          1
 Magic Dart               Conj           16%        1d3       4%          1
 Necrotise                Necr           16%        1d4       4%          1
 Sandblast                Erth           8%         2d5       4%          1
 Summon Small Mammal      Summ           16%        N/A       4%          1
 Call Imp                 Summ           4%         N/A       7%          2
 Alistair's Intoxication  Tmut/Pois      22%        N/A       8%          5
 Olgreb's Toxic Radiance  Pois           21%        N/A       9%          4
 Portal Projectile        Hex/Tloc       8%         N/A       14%         3
 Stone Arrow              Conj/Erth      8%         3d7       14%         3
 Tukima's Dance           Hex            4%         N/A       14%         3
 Silence                  Hex/Air        11%        N/A       19%         5
 Passage of Golubria      Tloc           4%         N/A       41%         4
 Lehudib's Crystal Spear  Conj/Erth      2%         10d2      100%        8


Dungeon Overview and Level Annotations

Branches:
Dungeon (11/15)            Temple (0/1) D:6            Lair (1/5) D:11
Ossuary (visited)
    Orc: D:9-12

Altars:
Ashenzari
Elyvilon
Kikubaaqudgha
Sif Muna
Uskayaw
Yredelemnul
The Shining One

Shops:
D:1 (   D:4 *   D:5 :   D:6 ?   D:7 *

Annotations:
D:6 Grinder
D:9 3 runed translucent doors, Dirtsage's ghost, journeyman DsFi


Innate Abilities, Weirdness & Mutations

You are a creature of crystalline ice.
You have a powerful freezing melee attack.
Your maximum health is increased.
Your armour is entirely melded.
You are incapable of wielding weapons or throwing items.
You cannot wear most types of armour.
You are amphibious.
You can wear up to eight rings at the same time.
((Your skin changes colour to match your surroundings (Stealth+).))
((Your rubbery body absorbs attacks. (AC +1, EV +1)))
((You are camouflaged when in or above water. (Stealth+)))
((You have tentacles for arms and can constrict up to eight enemies at once.))


Message History

The wall freezes the yak but does no damage.
The yak closely misses you.
The wall freezes the yak. x2; The yak misses you.
You punch the yak! You freeze the yak.
The yak is severely wounded.
The wall freezes the yak!
The yak closely misses you.
The wall freezes the yak.
The wall freezes the yak but does no damage.
The yak closely misses you.
You hit the yak but do no damage.
The yak is heavily wounded.
The wall freezes the yak.
The yak barely misses you.
The wall freezes the yak but does no damage.
The wall freezes the yak.
The wall freezes the yak!
The yak closely misses you.
You hit the yak. You freeze the yak.
The yak is almost dead.
You hit the yak. You freeze the yak.
You feel a bit better.
You kill the yak!
The frozen ramparts melt away.
The yak closely misses you. The yak gores you but does no damage.
Your Air Magic skill increases to level 9!
You punch the yak! You freeze the yak.
You feel a bit better.
You kill the yak!
The yak closely misses you. x2; The yak gores you!
You take 12 damage, and have 29/75 hp.
You punch the yak! You freeze the yak.
The yak is almost dead.
The yak gores you but does no damage. The yak closely misses you.
The yak gores you. The yak completely misses you.
You take 4 damage, and have 25/75 hp.
You hit the yak. You freeze the yak.
You feel a bit better.
You kill the yak!
The yak gores you. The yak gores you but does no damage. The yak gores you!
* * * LOW HITPOINT WARNING * * *
You take 7 damage, and have 18/75 hp.
You howl as the wereblood boils in your veins!
The yak attacks as you move away! The yak gores you!
* * * LOW HITPOINT WARNING * * *
You howl as the wereblood boils in your veins!
You take 11 damage, and have 7/75 hp.
The yak attacks as you move away! The yak gores you!
You die...

.................................
.................................
Y......####.##...................
.................................
#.##...................##.###.##.
.................................
.............†######.##..........
.............#.####.###.....####.
.............†YYY.........###..##
....######....Y....#.######..##..
....####.#.........######..##..##
.........................##..##..
.......#####............#..##..##
......#...#.............###..##..
..........................###..##
......##P.###..#.#..........####.
....P............................


You could see 3 yaks.

Vanquished Creatures
  A centaur warrior (D:10)
  A two-headed ogre (D:8)
  2 cane toads (Lair:1)
  A troll (D:9)
  7 hornets
  Prince Ribbit (D:8)
  A wyvern (D:8)
  A shadow (D:11)
  2 vampires
  13 yaks
  5 humans (D:9)
  3 basilisks (Lair:1)
  2 steam dragons
  2 vampire mosquitoes (D:10)
  An acid dragon (D:8)
  A water moccasin (Lair:1)
  3 orc warriors
  An ice beast (D:5)
  A sky beast (D:8)
  A black bear (D:7)
  3 centaurs
  3 wolves (Lair:1)
  A phantom (D:5)
  2 kobold brigands
  Blork the orc (D:6)
  A gnoll sergeant (D:10)
  A scorpion (D:4)
  A bullfrog (Lair:1)
  A necrophage (D:7)
  8 wights
  5 water moccasin zombies (Ossuary)
  A water moccasin skeleton (D:4)
  7 killer bees
  The ghost of mcsplat the Stinger, a weakling MfVM (D:4)
  A bullfrog zombie (D:4)
  A hound (D:5)
  4 jellies
  5 orc priests
  5 iguanas
  Jessica (D:2)
  11 orc wizards
  3 mummies
  A howler monkey zombie (D:4)
  7 gnolls
  7 adders
  2 shadow imps
  A white imp (D:7)
  An ufetubus (D:5)
  5 adder zombies (Ossuary)
  A worm (D:2)
  5 dart slugs
  28 orcs
  11 ball pythons
  13 endoplasms
  3 giant cockroaches
  7 goblins
  8 hobgoblins
  3 jackals (D:1)
  4 quokkas
  8 bats
  5 frilled lizards
  A gnoll zombie (Ossuary)
  2 hobgoblin zombies (Ossuary)
  21 kobolds
  A kobold zombie (Ossuary)
  4 orc zombies (Ossuary)
  8 rats
274 creatures vanquished.

Vanquished Creatures (others)
  8 fungi
  11 plants
  4 toadstools (D:4)
23 creatures vanquished.

Grand Total: 297 creatures vanquished

Notes
Turn   | Place    | Note
-------+----------+-------------------------------------------
     0 | D:1      | Dirtsage the Octopode Transmuter began the quest for the
                  | Orb.
     0 | D:1      | Reached XP level 1. HP: 13/13 MP: 3/3
    84 | D:1      | Reached skill level 1 in Ice Magic
    84 | D:1      | Reached XP level 2. HP: 15/18 MP: 3/5
    92 | D:1      | Learned a level 2 spell: Wereblood
   184 | D:1      | Found Heujisos's Antique Weapon Shop.
   392 | D:1      | Reached XP level 3. HP: 22/23 MP: 4/6
  1048 | D:2      | Noticed Jessica
  1056 | D:2      | Killed Jessica
  1057 | D:2      | Reached XP level 4. HP: 21/28 MP: 5/7
  1080 | D:2      | Learned a level 4 spell: Ice Form
  1870 | D:3      | Reached XP level 5. HP: 33/33 MP: 8/8
  2513 | D:4      | Found a transporter.
  2515 | D:4      | Noticed mcsplat's ghost (weakling MfVM)
  2520 | D:4      | Found a transporter.
  2654 | D:4      | Found Loluza's Assorted Antiques.
  2663 | D:4      | Bought a scroll labelled MIGO WEZYIRYPRAADA for 29 gold
                  | pieces
  2663 | D:4      | Bought a scroll of identify for 58 gold pieces
  2722 | D:4      | Reached XP level 6. HP: 38/38 MP: 4/9
  3157 | D:4      | Reached skill level 5 in Transmutations
  3158 | D:4      | Killed mcsplat's ghost
  3168 | D:4      | Reached XP level 7. HP: 43/43 MP: 10/10
  3223 | D:4      | Learned a level 3 spell: Mephitic Cloud
  3224 | D:5      | Entered Level 5 of the Dungeon
  3245 | D:5      | Reached skill level 5 in Ice Magic
  3250 | D:5      | Reached skill level 1 in Air Magic
  3250 | D:5      | Reached skill level 1 in Poison Magic
  3492 | D:5      | You fall into a shaft and drop 1 floor!
  3528 | D:5      | Found Bufesih's Book Emporium.
  3648 | D:5      | Found a glowing golden altar of the Shining One.
  3651 | D:5      | Became a worshipper of the Shining One
  4012 | D:5      | Found a basalt altar of Yredelemnul.
  4224 | D:6      | Reached XP level 8. HP: 47/48 MP: 11/11
  4530 | D:6      | Noticed Blork the orc
  4644 | D:6      | Killed Blork the orc
  4749 | D:6      | Noticed Grinder
  4756 | D:6      | Paralysed by Grinder for 3 turns
  4808 | D:6      | Found a staircase to the Ecumenical Temple.
  4896 | D:6      | Found The Oracle's Delphic Readings.
  4965 | D:6      | Saving game... please wait.
  4994 | D:7      | Found a shimmering blue altar of Sif Muna.
  4994 | D:7      | Found an ancient bone altar of Kikubaaqudgha.
  4994 | D:7      | Found a broken altar of Ashenzari.
  5485 | D:7      | Found Rej Nava's Mayhem Merchandise.
  5708 | D:7      | Reached * piety under the Shining One
  5796 | D:7      | Reached XP level 9. HP: 53/53 MP: 4/12
  6141 | D:8      | Noticed Prince Ribbit
  6153 | D:8      | Killed Prince Ribbit
  6154 | D:8      | Reached skill level 5 in Unarmed Combat
  6299 | D:8      | Noticed a two-headed ogre
  6314 | D:8      | The Shining One protects you from harm!
  6315 | D:8      | Killed a two-headed ogre
  6316 | D:8      | Reached skill level 5 in Air Magic
  6449 | D:8      | Found a sand-covered staircase.
  6455 | Ossuary  | Entered an ossuary
  6633 | Ossuary  | Reached ** piety under the Shining One
  6735 | Ossuary  | Reached *** piety under the Shining One
  6736 | Ossuary  | Reached skill level 1 in Invocations
  6803 | D:8      | Reached XP level 10. HP: 58/58 MP: 13/13
  7130 | D:8      | Learned a level 3 spell: Frozen Ramparts
  7178 | D:9      | Noticed a kobold demonologist
  7178 | D:9      | Noticed Dirtsage's ghost (journeyman DsFi)
  7178 | D:9      | Noticed a kobold demonologist
  7178 | D:9      | Found a runed translucent gate.
  7178 | D:9      | Found a runed translucent gate.
  7178 | D:9      | Found a runed translucent gate.
  7232 | D:9      | Reached skill level 5 in Invocations
  7451 | D:9      | Paralysed by a hornet for 1 turns
  7677 | D:9      | Found a hide-covered altar of Uskayaw.
  7699 | D:9      | Found a white marble altar of Elyvilon.
  8150 | D:10     | Entered Level 10 of the Dungeon
  8184 | D:10     | Reached **** piety under the Shining One
  9122 | D:10     | Reached XP level 11. HP: 63/63 MP: 11/16
  9187 | D:10     | Noticed a centaur warrior
  9201 | D:10     | Killed a centaur warrior
  9545 | D:11     | Noticed a cyan ugly thing
  9760 | D:11     | Found a staircase to the Lair.
  9771 | Lair:1   | Entered Level 1 of the Lair of Beasts
 10213 | Lair:1   | Paralysed by a hornet for 1 turns
 10531 | Lair:1   | Identified 2 scrolls of acquirement
 10532 | Lair:1   | Acquired the ring "Jejiqaru" {rPois rN++ Int+2 Dex+6
                  | Stlth+}
 10533 | Lair:1   | Acquired 476 gold pieces
 10657 | Lair:1   | Reached ***** piety under the Shining One
 10674 | Lair:1   | Slain by a yak

Illustrated notes

Levels and vault maps discovered:
D:1:      wander_arrival_peaceful_grave, layout_basic, serial_shops, shop,
          kennysheep_boxes
D:2:      layout_loops_ring, st_stairs_13, uniq_jessica
D:3:      layout_rooms
D:4:      cheibrodos_fertilizer, layout_loops_ring, serial_shops,
          nicolae_stop_n_shop_2, gammafunk_ghost_mausoleum
D:5:      layout_basic, mainiacjoe_overflow_alcove_4, kennysheep_mini,
          serial_shops, shop
D:6:      layout_rooms, minmay_temple_entry_hall, nicolae_nh_oracle_at_delphi,
          uniq_grinder, uniq_blork_the_orc
D:7:      layout_basic, gammafunk_temple_overflow_forgotten, minmay_shop_mayhem,
          minivault_1, hangedman_decor_clover_reticule
D:8:      layout_basic, gup_ossuary_entry_pyramid, uniq_prince_ribbit1
D:9:      wad_pebble_path, layout_cave_pools, amethyst_overflow_temple_binary,
          gammafunk_ghost_nasty_kobolds, minmay_ruffians
D:10:     layout_stronghold
D:11:     layout_gridville, lair_entry_dummy, minmay_stone_trees_small,
          minmay_starry_boxes
Lair:1:   layout_long_grid, dreamdust_wasp_nest

Skill      XL: |  1  2  3  4  5  6  7  8  9 10 11 |
---------------+----------------------------------+-----
Ice Magic      | 1 2 3 4 5 6 7 |  7.0
Transmutations | 3 4 5 6 7 9 |  9.6
Air Magic      | 1 3 6 7 9 |  9.1
Poison Magic   | 2 3 4 |  4.0
Unarmed Combat | 4 6 |  6.7
Invocations    | 2 7 |  7.9
Spellcasting   | 4 |  4.6
Fighting       | |  1.0
Dodging        | |  2.0

Action                   |  1- 3 |  4- 6 |  7- 9 | 10-12 || total
-------------------------+-------+-------+-------+-------++-------
Melee: Unarmed           |    58 |   158 |   250 |   234 ||   700
       Constrict         |    19 |    25 |     2 |       ||    46
       Kick              |    17 |     5 |       |       ||    22
       Tentacles         |    10 |    20 |     2 |       ||    32
       Punch             |     3 |     6 |       |       ||     9
 Cast: Beastly Appendage |    11 |     7 |     2 |       ||    20
       Wereblood         |     1 |     5 |    10 |    11 ||    27
       Ice Form          |       |     7 |    28 |    29 ||    64
       Mephitic Cloud    |       |       |     9 |     7 ||    16
       Frozen Ramparts   |       |       |       |    29 ||    29
Invok: Divine Shield     |       |       |     1 |       ||     1
Evoke: Wand              |       |       |     1 |       ||     1
  Use: Scroll            |       |     8 |     7 |     6 ||    21
       Potion            |       |       |     1 |     3 ||     4
 Stab: Sleeping          |     5 |    10 |       |       ||    15
Armor: Skin              |     2 |    25 |    53 |    45 ||   125
Dodge: Dodged            |    30 |    77 |   156 |   138 ||   401
Block: Other             |       |       |     1 |       ||     1

Table legend: (Time is in decaauts)
 A = Elapsed time spent in this place.
 B = Non-inter-level travel time spent in this place.
 C = Inter-level travel time spent in this place.
 D = Time resting spent in this place.
 E = Time spent auto-exploring this place.
 F = Levels seen in this place.
 G = Mean time per level.
                   A        B        C        D        E       F      G
               +--------+--------+--------+--------+--------+-----+--------+
         Total |  10618 |  10281 |    337 |   1033 |   7210 |  13 |  816.8 |
       Dungeon |   9385 |   9048 |    337 |    560 |   6746 |  11 |  853.2 |
          Lair |    896 |    896 |      0 |    308 |    372 |   1 |  896.0 |
       Ossuary |    336 |    336 |      0 |    165 |     92 |   1 |  336.0 |
               +--------+--------+--------+--------+--------+-----+--------+

Top non-repeatable levels by time:
    D:10: 1437 daAuts
     D:7: 1142 daAuts
     D:5: 1049 daAuts
     D:9: 964 daAuts
     D:1: 940 daAuts
  Lair:1: 896 daAuts
     D:2: 816 daAuts
     D:4: 790 daAuts
     D:6: 713 daAuts
     D:8: 694 daAuts
     D:3: 665 daAuts
 Ossuary: 336 daAuts
    D:11: 171 daAuts
